 Dungeon Crawl Stone Soup version 0.23.2 (webtiles) character file.

Game seed: 8761728756357022397

29042 Borgoz the Protected (level 13, -4/84 HPs)
             Began as a Gargoyle Assassin on Apr 9, 2019.
             Was a Priest of Ashenzari.
             Killed from afar by a rime drake (18 damage)
             ... with a flash freeze
             ... on level 4 of the Lair of Beasts.
             The game lasted 00:37:44 (13273 turns).

Borgoz the Protected (Gargoyle Assassin)           Turns: 13273, Time: 00:37:45

Health: -4/84      AC: 30    Str: 19    XL:     13   Next: 42%
Magic:  20/20      EV: 13    Int: 22    God:    Ashenzari [***...]
Gold:   572        SH:  0    Dex: 16    Spells: 21/22 levels left

rFire    + . .     SeeInvis +   k - +3 rapier
rCold    . . .     Gourm    .   (no shield)
rNeg     + . .     Faith    .   o - +2 chain mail
rPois    ∞         Spirit   .   (no helmet)
rElec    +         Reflect  .   d - +2 cloak
rCorr    .         Harm     .   (no gloves)
MR       .....                  c - +2 pair of boots {Stlth+}
Stlth    +.........             h - amulet of Vyllol {+Rage rC+ Int+6 Dex-3}
HPRegen  0.24/turn              K - ring of Neibb {Fire Str+3 Int+3 Slay+2}
MPRegen  0.17/turn              v - +5 ring of dexterity

@: berserk cooldown, slowed, studying Fighting, very slow
A: negative energy resistance 1, electricity resistance, unbreathing,
petrification resistance, rot immunity, AC +9
a: Curse Item, Scrying, Renounce Religion, Evoke Berserk Rage


You were on level 4 of the Lair of Beasts.
You worshipped Ashenzari.
Ashenzari was most pleased with you.
You were not hungry.

You visited 3 branches of the dungeon, and saw 15 of its levels.
You also visited: Gauntlet.

You collected 592 gold pieces.
You spent 20 gold pieces at shops.

Inventory:

Hand Weapons
 a - a +1 dagger of venom
 b - a +6 dagger of speed
 k - a +3 rapier (weapon)
 R - a +2 dagger of holy wrath
Missiles
 m - 16 javelins (quivered)
 t - 21 poisoned needles
 E - 15 tomahawks
Armour
 c - a +2 pair of boots of stealth (worn)
 d - a +2 cloak (worn)
 o - a +2 chain mail (worn)
 A - +0 steam dragon scales
Jewellery
 h - the amulet of Vyllol (around neck) {+Rage rC+ Int+6 Dex-3}
   (You found it in a Gauntlet)

   [amulet of rage]

   It affects your intelligence (+6).
   It affects your dexterity (-3).
   It protects you from cold.
   It lets you go berserk.
 q - a +3 ring of slaying
 v - a +5 ring of dexterity (right hand)
 w - an uncursed amulet of regeneration
 z - an uncursed amulet of guardian spirit
 K - the ring of Neibb (left hand) {Fire Str+3 Int+3 Slay+2}
   (You took it off an orc wizard on level 6 of the Dungeon)

   [ring of fire]

   It enhances your fire magic.
   It affects your strength (+3).
   It affects your intelligence (+3).
   It affects your accuracy and damage with ranged weapons and melee attacks
   (+2).
   It protects you from fire.
   It makes you vulnerable to cold.
 N - a +4 ring of strength
Wands
 r - a wand of random effects (31)
 s - a wand of iceblast (8)
 M - a wand of disintegration (8)
 S - a wand of acid (9)
Scrolls
 e - 2 scrolls of fog
 f - a scroll of identify
 i - 3 scrolls of teleportation
 x - 10 scrolls of remove curse
 D - 4 scrolls of fear
Potions
 j - a potion of agility
 l - 2 potions of haste
 n - 3 potions of cancellation
 p - a potion of curing
 u - 2 potions of brilliance
 I - 3 potions of flight
 P - a potion of might
Books
 y - a manual of Fighting
Comestibles
 g - 20 rations
 B - 6 chunks of flesh


   Skills:
 + Level 11.2 Fighting
 * Level 10.0 Short Blades
 - Level 1.7 Throwing
 * Level 11.3 Armour
 * Level 9.0 Dodging
 - Level 5.0 Stealth
 - Level 5.0 Spellcasting
 + Level 6.6 Hexes
 - Level 5.0 Evocations


You had 21 spell levels left.
You knew the following spells:

 Your Spells              Type           Power        Failure   Level  Hunger
a - Confusing Touch       Hex            ####..       4%          1    None

Your spell library contained the following spells:

 Spells                   Type           Power        Failure   Level  Hunger
 Dazzling Spray           Conj/Hex       ###...       50%         3    ##.....
 Animate Skeleton         Necr           N/A          58%         1    None
 Apportation              Tloc           #.....       58%         1    None
 Magic Dart               Conj           #...         58%         1    None
 Summon Butterflies       Summ           #.......     58%         1    None
 Summon Small Mammal      Summ           #...         58%         1    None
 Searing Ray              Conj           #.....       73%         2    None
 Fulminant Prism          Conj/Hex       ###.......   88%         4    ####...
 Call Canine Familiar     Summ           #.......     91%         3    ##.....
 Summon Mana Viper        Hex/Summ       ###.....     99%         5    #####..
 Force Lance              Conj/Tloc      #.......     100%        4    ####...
 Iskenderun's Mystic Bla  Conj           #.......     100%        4    ####...
 Summon Ice Beast         Ice/Summ       #.......     100%        4    ####...
 Summon Hydra             Summ           #.........   100%        7    #######


Dungeon Overview and Level Annotations

Branches:
Dungeon (10/15)            Temple (1/1) D:5            Lair (4/6) D:8
 Shoals (0/4) Lair:2       Spider (0/4) Lair:2
    Orc: D:9-12

Altars:
Ashenzari
Cheibriados
Dithmenos
Elyvilon
Fedhas
Gozag
Hepliaklqana
Kikubaaqudgha
Makhleb
Nemelex Xobeh
Okawaru
Qazlal
Ru
Sif Muna
Trog
Uskayaw
Vehumet
Wu Jian
Xom
Yredelemnul
Zin
The Shining One

Shops:
D:4 ?

Annotations:
D:10 Psyche


Innate Abilities, Weirdness & Mutations

You are resistant to torment.
Your stone body is resilient. (AC +9)
You are immune to poison.
You resist negative energy. (rN+)
You are resistant to electric shocks. (rElec)
You can survive without breathing.
You are immune to petrification.
You are immune to rotting.


Message History

The hippogriff pecks you but does no damage.
The hippogriff barely misses you.
You completely miss the hippogriff.
The hippogriff is almost dead.
Unknown command.
You puncture the hippogriff!
You kill the hippogriff!
The hippogriff barely misses you. The hippogriff completely misses you.
The hippogriff barely misses you.
You puncture the rime drake!
The rime drake is heavily wounded.
You closely miss the rime drake.
The rime drake is heavily wounded.
You are no longer berserk.
You are exhausted.
You feel yourself slow down.
The wyvern hisses angrily.
The rime drake breathes ice at you. The flash freeze hits you!!
You die...

##........#.* ##..###.
#..$..l...., *#.......
.........# .###.....†
#........##..........
##.........####.......
#....H....# ##......
#....l....# #...... *
*#kH##+# ##P#...
##@...# ###†.. ##....#
##..# ####..PP.# #...#
#.......## ####PP#.
#........# #...>..#
#........# ##.....#
##...÷...## ##.....+
#........# ### #P......
#........###.####.....#


You could see 2 hippogriffs, a rime drake and 2 wyverns.

Vanquished Creatures
  A minotaur (Gauntlet)
  3 hydras
  A catoblepas (Gauntlet)
  2 two-headed ogres (D:9)
  An orb spider (Lair:2)
  An elephant (Gauntlet)
  3 black mambas
  2 molten gargoyles (Gauntlet)
  2 gargoyles (Gauntlet)
  7 spiny frogs
  2 komodo dragons
  4 rime drakes (Lair:4)
  4 polar bears (Lair:2)
  A troll (D:10)
  14 blink frogs
  A snapping turtle (Lair:2)
  11 hippogriffs
  9 wyverns (Lair:4)
  A basilisk (Lair:4)
  29 yaks
  A steam dragon (Lair:3)
  Duvessa (D:6)
  6 water moccasins
  5 porcupines
  3 ice beasts
  2 sky beasts
  2 orc warriors
  2 eyes of draining (D:4)
  A black bear (D:8)
  3 phantoms
  4 ogres
  3 centaurs
  6 crocodiles
  12 bullfrogs
  4 scorpions
  Dowan (D:6)
  4 wights (D:7)
  5 crimson imps
  2 howler monkeys
  A bullfrog zombie (D:8)
  A quasit (D:6)
  3 hounds
  A centaur zombie (D:6)
  13 orc wizards
  A bullfrog skeleton (D:6)
  6 orc priests
  3 jellies
  4 iguanas
  5 worker ants
  A hound skeleton (D:6)
  A howler monkey zombie (D:7)
  A worker ant zombie (D:8)
  4 gnolls (D:3)
  8 adders
  3 shadow imps
  6 oozes
  2 adder skeletons
  An adder zombie (D:6)
  3 worms (D:3)
  3 dart slugs
  8 leopard geckos
  30 orcs
  4 giant cockroaches
  10 goblins
  4 hobgoblins
  13 jackals
  4 quokkas
  5 bats
  8 frilled lizards
  9 kobolds
  2 leopard gecko skeletons
  5 rats
  A fungus (Lair:4)
340 creatures vanquished.

Vanquished Creatures (others)
  3 fungi
  3 plants
6 creatures vanquished.

Grand Total: 346 creatures vanquished

Notes
Turn   | Place    | Note
-------+----------+-------------------------------------------
     0 | D:1      | Borgoz the Gargoyle Assassin began the quest for the Orb.
     0 | D:1      | Reached XP level 1. HP: 12/12 MP: 1/1
    97 | D:1      | Reached skill level 1 in Dodging
    97 | D:1      | Reached XP level 2. HP: 15/17 MP: 2/2
   672 | D:2      | Reached XP level 3. HP: 16/22 MP: 3/3
   767 | D:2      | Found a shattered altar of Ashenzari.
   773 | D:2      | Became a worshipper of Ashenzari the Shackled
   866 | D:2      | Reached skill level 1 in Armour
  1124 | D:2      | Found an ornate altar of the Wu Jian Council.
  1269 | D:2      | Reached XP level 4. HP: 25/27 MP: 4/4
  1594 | D:3      | Found a bloodstained altar of Trog.
  1754 | D:3      | Learned a level 1 spell: Confusing Touch
  1799 | D:3      | Reached XP level 5. HP: 31/31 MP: 5/5
  1873 | D:3      | Reached skill level 5 in Stealth
  2067 | D:3      | Reached XP level 6. HP: 22/36 MP: 6/6
  2164 | D:4      | Reached skill level 1 in Hexes
  2167 | D:4      | Reached skill level 1 in Spellcasting
  2214 | D:4      | Reached XP level 7. HP: 33/41 MP: 8/8
  2280 | D:4      | Found Sudiag's Magic Scroll Boutique.
  2285 | D:4      | Bought a scroll of identify for 20 gold pieces
  2312 | D:4      | Found a snail-covered altar of Cheibriados.
  2702 | D:4      | Found a bloodstained altar of Trog.
  2906 | D:5      | Entered Level 5 of the Dungeon
  2907 | D:5      | Reached * piety under Ashenzari
  3048 | D:5      | Found a staircase to the Ecumenical Temple.
  3086 | Temple   | Entered the Ecumenical Temple
  3231 | D:5      | Reached XP level 8. HP: 47/48 MP: 10/10
  3594 | D:6      | Found a blossoming altar of Fedhas.
  3943 | D:6      | Identified the ring of Neibb {Fire Str+3 Int+3 Slay+2}
  3970 | D:6      | Reached skill level 5 in Short Blades
  4063 | D:6      | Reached skill level 5 in Armour
  4206 | D:6      | Noticed Dowan
  4206 | D:6      | Noticed Duvessa
  4238 | D:6      | Killed Dowan
  4246 | D:6      | Killed Duvessa
  4246 | D:6      | Reached XP level 9. HP: 49/52 MP: 11/13
  4305 | D:6      | Found a basalt altar of Yredelemnul.
  4305 | D:6      | Found a shadowy altar of Dithmenos.
  4502 | D:7      | Reached skill level 5 in Fighting
  4614 | D:7      | Noticed a komodo dragon
  4897 | D:7      | Reached skill level 5 in Dodging
  5345 | D:7      | Reached XP level 10. HP: 54/61 MP: 15/15
  5496 | D:7      | Found a sparkling altar of Nemelex Xobeh.
  6108 | D:8      | Reached ** piety under Ashenzari
  6336 | D:8      | Reached skill level 1 in Evocations
  6363 | D:8      | Found a radiant altar of Vehumet.
  6479 | D:8      | Found a white marble altar of Elyvilon.
  6549 | D:8      | Found a staircase to the Lair.
  6704 | D:9      | Noticed a two-headed ogre
  6730 | D:9      | Killed a two-headed ogre
  6831 | D:9      | Noticed a two-headed ogre
  6867 | D:9      | Killed a two-headed ogre
  7027 | D:9      | Reached XP level 11. HP: 40/68 MP: 17/17
  7138 | D:9      | Found a burning altar of Makhleb.
  7138 | D:9      | Found an ancient bone altar of Kikubaaqudgha.
  7399 | D:10     | Entered Level 10 of the Dungeon
  7464 | D:10     | Noticed Psyche
  7573 | Lair:1   | Entered Level 1 of the Lair of Beasts
  8347 | Lair:1   | Reached skill level 5 in Hexes
  9377 | Lair:2   | Reached skill level 5 in Spellcasting
  9421 | Lair:2   | Noticed a five-headed hydra
  9430 | Lair:2   | Killed a five-headed hydra
  9462 | Lair:2   | Found a hole to the Spider Nest.
  9462 | Lair:2   | Noticed an orb spider
  9579 | Lair:2   | Found a gate leading to a gauntlet.
  9636 | Gauntlet | Entered a Gauntlet
  9636 | Gauntlet | Found a transporter.
  9645 | Gauntlet | Found a transporter.
  9648 | Gauntlet | Noticed an obsidian statue
  9661 | Gauntlet | Found a transporter.
  9670 | Gauntlet | Noticed a hell beast
  9671 | Gauntlet | Found a transporter.
  9691 | Gauntlet | Found a transporter.
  9694 | Gauntlet | Identified the amulet of Vyllol {+Rage rC+ Int+6 Dex-3}
  9694 | Gauntlet | Noticed a dire elephant
  9704 | Gauntlet | Found a transporter.
  9704 | Gauntlet | Noticed an entropy weaver
  9721 | Gauntlet | Found a transporter.
  9725 | Gauntlet | Found a transporter.
  9727 | Gauntlet | Found a runed translucent gate.
  9727 | Gauntlet | Found a runed translucent gate.
  9727 | Gauntlet | Noticed a blizzard demon
  9733 | Gauntlet | Found a transporter.
  9741 | Gauntlet | Found a runed translucent gate.
  9743 | Gauntlet | Identified the ring "Goggakhla" {+Fly Dex+4}
  9752 | Gauntlet | Noticed a catoblepas
  9753 | Gauntlet | Found a transporter.
  9763 | Gauntlet | Found a transporter.
  9790 | Gauntlet | Found a transporter.
  9859 | Gauntlet | Killed a catoblepas
  9859 | Gauntlet | Reached XP level 12. HP: 40/76 MP: 17/19
  9932 | Gauntlet | Got the uncursed leather armour of Discretion {*Contam +Fly
                  | Int+5}
  9990 | Gauntlet | Noticed a minotaur
 10017 | Gauntlet | Killed a minotaur
 10108 | Lair:2   | Identified a scroll of acquirement
 10411 | Lair:2   | Reached *** piety under Ashenzari
 10577 | Lair:2   | Reached skill level 10 in Armour
 10587 | Lair:2   | Reached skill level 10 in Fighting
 11516 | Lair:2   | Found a staircase to the Shoals.
 11737 | Lair:3   | Identified the +1 leather armour of Discretion {*Contam
                  | +Fly Int+5} (You found it in a Gauntlet)
 12482 | Lair:4   | Reached XP level 13. HP: 46/83 MP: 20/20
 13142 | Lair:4   | Reached skill level 5 in Evocations
 13262 | Lair:4   | Reached skill level 10 in Short Blades
 13273 | Lair:4   | Killed from afar by a rime drake

Skill      XL: |  1  2  3  4  5  6  7  8  9 10 11 12 13 |
---------------+----------------------------------------+-----
Short Blades   | 2 3 4 5 6 7 8 9 10 | 10.0
Dodging        | 1 2 3 4 5 6 7 8 9 |  9.0
Armour         | 1 2 3 5 6 8 9 10 11 | 11.3
Stealth        | 5 |  5.0
Fighting       | 3 4 6 7 9 10 11 | 11.2
Hexes          | 1 2 3 4 5 6 |  6.6
Spellcasting   | 1 2 3 4 5 |  5.0
Evocations     | 2 3 4 5 |  5.0
Throwing       | |  1.7

Action                   |  1- 3 |  4- 6 |  7- 9 | 10-12 | 13-15 || total
-------------------------+-------+-------+-------+-------+-------++-------
Melee: Dagger            |   138 |   241 |   620 |  1100 |       ||  2099
       Rapier            |       |       |       |   154 |   193 ||   347
Throw: Throwing net      |       |       |     4 |     2 |       ||     6
       Javelin           |       |       |       |     1 |     3 ||     4
 Cast: Confusing Touch   |       |       |       |    20 |       ||    20
 Abil: Evoke Berserk Rag |       |       |       |     1 |     2 ||     3
Evoke: Wand              |       |       |     4 |    13 |       ||    17
  Use: Scroll            |     5 |       |     5 |    22 |       ||    32
       Potion            |       |       |     8 |     6 |     2 ||    16
 Stab: Sleeping          |     4 |       |       |       |       ||     4
       Invisible         |       |       |     3 |       |     6 ||     9
       Held in net/web   |       |       |       |     1 |       ||     1
       Confused          |       |       |       |    28 |       ||    28
  Eat: Chunk             |     1 |     3 |     8 |    24 |     2 ||    38
       Ration            |       |       |     1 |       |     1 ||     2
Armor: Robe              |     7 |       |       |       |       ||     7
       Chain mail        |    62 |   219 |   333 |   587 |   129 ||  1330
Dodge: Dodged            |    38 |   105 |   241 |   492 |   135 ||  1011
